 Dungeon Crawl Stone Soup version 0.29-a0-322-g68df515428 (webtiles) character file.

Game seed: 6784359100416389166

14 Bnni the Skirmisher (level 2, 0/21 HPs)
             Began as an Octopode Fighter on Apr 5, 2022.
             Succumbed to a kobold's poison
             ... on level 2 of the Dungeon.
             The game lasted 00:00:45 (748 turns).

Bnni the Skirmisher (Octopode Fighter)               Turns: 748, Time: 00:00:46

Health: 0/21       AC:  5    Str: 15    XL:     2   Next: 45%
Magic:  2/2        EV: 13    Int: 10    God:
Gold:   124        SH:  4    Dex: 11    Spells: 1/1 levels left

rFire   + . .      SeeInvis .     - Unarmed
rCold   + . .      Faith    .   a - +0 buckler
rNeg    . . .      Spirit   .   (helmet restricted)
rPois   +          Reflect  .   (no amulet)
rElec   +          Harm     .   k - +4 ring of protection
rCorr   +          Rampage  .   (no ring)
Will    .....                   (no ring)
Stlth   ++........              (no ring)
HPRegen 0.07/turn               (no ring)
MPRegen 0.08/turn               (no ring)
                                (no ring)
                                (no ring)

@: lethally poisoned (0 -> -3), resistant, flying
A: almost no armour, amphibious, 8 rings, camouflage 1, gelatinous body 1,
(nimble swimmer 1), tentacles
a: no special abilities


You were on level 2 of the Dungeon.
You visited 1 branch of the dungeon, and saw 2 of its levels.

You collected 124 gold pieces.

Inventory:

Missiles
 h - 5 poisoned darts (quivered)
Armour
 a - a +0 buckler (worn)
Jewellery
 k - a +4 ring of protection (left tentacle)
Scrolls
 e - a scroll of teleportation {unknown}
 i - a scroll of identify {unknown}
 j - a scroll of magic mapping {unknown}
Potions
 b - a potion of might


   Skills:
 + Level 3.2 Fighting
 - Level 3.0 Dodging
 - Level 3.0 Shields
 * Level 2.7 Unarmed Combat


You had one spell level left.
You didn't know any spells.
Your spell library contained the following spells:

 Spells                   Type           Power      Damage    Failure   Level
 Chain Lightning          Conj/Air       0%         N/A       100%        9
 Fire Storm               Conj/Fire      0%         5d1       100%        9
 Shatter                  Erth           0%         3d5*      100%        9


Dungeon Overview and Level Annotations

Branches:
Dungeon (2/15)

Altars:


Innate Abilities, Weirdness & Mutations

You cannot wear most types of armour.
You are amphibious.
You can wear up to eight rings at the same time.
Your skin changes colour to match your surroundings (Stealth+).
Your rubbery body absorbs attacks. (AC +1, EV +1)
((You are camouflaged when in or above water. (Stealth+)))
You have tentacles for arms and can constrict up to eight enemies at once.


Message History

The kobold throws a stone.
The stone closely misses you. The kobold barely misses you.
You tentacle-slap the kobold. Your grab misses the kobold.
The kobold is moderately wounded.
The kobold hits you but does no damage.
You are poisoned.
You closely miss the kobold. Your grab misses the kobold.
The kobold is moderately wounded.
You feel very sick.
The kobold hits you with a +0 short sword of venom.
You are lethally poisoned!
You barely miss the kobold. You grab the kobold. You tentacle-slap the kobold.
You kill the kobold!
You feel very sick.
You are too injured to fight recklessly!
You feel sick.
You see here a +4 ring of protection.
k - a +4 ring of protection
* * * LOW HITPOINT WARNING * * *
You feel sick.
k - a +4 ring of protection (left tentacle)
* * * LOW HITPOINT WARNING * * *
You feel sick.
It was a potion of attraction.
You feel attractive to monsters.
* * * LOW HITPOINT WARNING * * *
You feel sick.
It was a potion of cancellation.
Your magical effects are unravelling.
You feel magically purged.
* * * LOW HITPOINT WARNING * * *
You feel sick.
You feel less attractive to monsters.
It was a potion of resistance.
You feel protected.
* * * LOW HITPOINT WARNING * * *
You feel sick.
It was a potion of flight.
You feel very buoyant.
You fly up into the air.
You die...

#...#######.
#.........#.
#...#####...
##.## #...
#######.# ##..
# #.......# ##.
#.####.#######
#.
.##......#.....
.. ...^..)@...#
#. ############
##


There were no monsters in sight!

Vanquished Creatures
  2 dart slugs
  A bat (D:1)
  An endoplasm (D:1)
  A goblin (D:1)
  A hobgoblin (D:2)
  A ball python (D:1)
  A frilled lizard (D:1)
  2 kobolds
  A rat (D:1)
11 creatures vanquished.

Notes
Turn   | Place    | Note
-------+----------+-------------------------------------------
     0 | D:1      | Bnni the Octopode Fighter began the quest for the Orb.
     0 | D:1      | Reached XP level 1. HP: 16/16 MP: 1/1
   205 | D:1      | Reached XP level 2. HP: 18/21 MP: 2/2
   446 | D:1      | Found a faded altar of an unknown god.
   747 | D:2      | HP: 1/21 [poisoned by a kobold]
   748 | D:2      | Succumbed to a kobold's poison

Illustrated notes

Levels and vault maps discovered:
D:1:      saegor_arrival_simple_d, layout_basic, ebering_ecumenical_altar_rust
D:2:      layout_loops_ring

Action                   || total
-------------------------++-------
Melee: Unarmed           ||    22
       Tentacles         ||     6
       Constrict         ||     7
       Punch             ||     1
  Use: Potion            ||     4
 Stab: Sleeping          ||     1
Armor: Skin              ||     2
Dodge: Dodged            ||     7
Block: Buckler           ||     3

Table legend: (Time is in decaauts)
 A = Elapsed time spent in this place.
 B = Non-inter-level travel time spent in this place.
 C = Inter-level travel time spent in this place.
 D = Time resting spent in this place.
 E = Time spent auto-exploring this place.
 F = Levels seen in this place.
 G = Mean time per level.
                   A        B        C        D        E       F      G
               +--------+--------+--------+--------+--------+-----+--------+
         Total |    747 |    735 |     12 |      0 |    644 |   2 |  373.5 |
       Dungeon |    747 |    735 |     12 |      0 |    644 |   2 |  373.5 |
               +--------+--------+--------+--------+--------+-----+--------+

Top non-repeatable levels by time:
     D:1: 690 daAuts
     D:2: 56 daAuts
